 Dungeon Crawl Stone Soup version 0.22-a0-83-g218e7ff (console) character file.

154 Evablue the Covered (level 5, -2/42 HPs)
             Began as a Barachi Fighter on Jan 20, 2018.
             Was an Initiate of Uskayaw.
             Slain by an orc
             ... wielding a +0 hand axe
              (5 damage)
             ... on level 4 of the Dungeon.
             The game lasted 00:04:30 (2126 turns).

Evablue the Covered (Barachi Fighter)               Turns: 2126, Time: 00:04:31

Health: -2/42      AC: 11    Str: 18    XL:     5   Next: 36%
Magic:  0/5        EV:  5    Int:  8    God:    Uskayaw [......]
Gold:   132        SH:  9    Dex: 12    Spells: 4/4 levels left

rFire    . . .     SeeInvis .   a - +0 long sword
rCold    + . .     Gourm    .   c - +0 shield
rNeg     . . .     Faith    .   k - +0 chain mail
rPois    .         Spirit   .   e - +0 helmet
rElec    .         Reflect  .   (no cloak)
rCorr    .         Harm     .   (no gloves)
MR       .....                  (no boots)
Stlth    ..........             (no amulet)
HPRegen  0.14/turn              r - ring of protection from cold
MPRegen  0.09/turn              (no ring)

@: slowed, very slow
A: +LOS, swims, slowness 1, strong legs 1
a: Hop, Renounce Religion


You were on level 4 of the Dungeon.
You worshipped Uskayaw.
Uskayaw was noncommittal.
You were hungry.

You visited 1 branch of the dungeon, and saw 4 of its levels.

You collected 132 gold pieces.

Inventory:

Hand Weapons
 a - a +0 long sword (weapon)
 l - a +0 rapier of freezing
Armour
 b - a +0 scale mail
 c - a +0 shield (worn)
 e - a +0 helmet (worn)
 k - a +0 chain mail (worn)
Jewellery
 m - an uncursed ring of fire {unknown}
 r - a ring of protection from cold (left hand)
Scrolls
 g - 3 scrolls of teleportation {unknown}
 h - 3 scrolls of remove curse {unknown}
 i - a scroll of fear {unknown}
 j - 5 scrolls of identify {unknown}
 o - 4 scrolls of blinking {unknown}
 s - a scroll of enchant armour {unknown}
 t - a scroll of noise {unknown}
Potions
 d - a potion of might
 n - a potion of haste {unknown}
 p - a potion of flight {unknown}
 q - a potion of agility {unknown}
Comestibles
 f - 5 rations


   Skills:
 + Level 4.1 Fighting
 + Level 4.1 Long Blades
 + Level 5.1 Armour
 + Level 0.3 Dodging
 + Level 4.2 Shields


You had 4 spell levels left.
You didn't know any spells.

Dungeon Overview and Level Annotations

Branches:
Dungeon (4/15)
 Temple: D:4-7

Altars:
Dithmenos
Fedhas
Okawaru
Trog
Uskayaw
Wu Jian

Annotations:
D:2 exclusion: oklob plant


Innate Abilities, Weirdness & Mutations

Shadows flee at your approach. (+LOS)
You can swim through water.
You cover ground slowly.
You can hop short distances.


Message History

The orc hits you but does no damage.
You can no longer pass through a line of other dancers.
You barely miss the orc wizard.
The orc wizard is heavily wounded.
The orc wizard hits you but does no damage.
The orc hits you with a club.
* * * LOW HITPOINT WARNING * * *
The orc wizard hits you but does no damage.
You block the orc priest's attack. The orc completely misses you.
You block the orc's attack.
The orc wizard mumbles some strange words.
The orc wizard blinks!
You stomp with the beat, sending a shockwave through the revelers around you!
The orc is heavily wounded.
The orc is severely wounded.
You feel somewhat more hungry.
You can no longer stomp with the beat.
The orc priest hits you but does no damage.
The orc hits you with a hand axe.
You die...

..#######...........
....................
#..########.###....
#.########
#........#
##........#
####.........#
#....##...##.#
#....#....@# .
#......._.oo...#
#....#...%.#o..#
#....##...##......
#.......... .o....
........[.... ......
..##..)..###.. .....
... #....## .. .....
#.... ... ....


You could see an orc priest, an orc wizard and 2 orcs.

Vanquished Creatures
  An orc priest (D:4)
  6 adders
  2 worms
  A dart slug (D:3)
  3 bats
  5 giant cockroaches
  6 goblins
  11 hobgoblins
  7 jackals
  8 kobolds
  A ball python (D:2)
  6 frilled lizards
  4 rats
61 creatures vanquished.

Notes
Turn   | Place    | Note
-------+----------+-------------------------------------------
     0 | D:1      | Evablue the Barachi Fighter began the quest for the Orb.
     0 | D:1      | Reached XP level 1. HP: 18/18 MP: 1/1
   182 | D:1      | Reached XP level 2. HP: 25/25 MP: 2/2
   550 | D:1      | Reached skill level 4 in Armour
   675 | D:2      | Noticed a hand axe
   675 | D:2      | Noticed a hand axe
   677 | D:2      | Found a hide-covered altar of Uskayaw.
   693 | D:2      | Became a worshipper of Uskayaw the Reveler
   741 | D:2      | Reached XP level 3. HP: 28/30 MP: 3/3
   741 | D:2      | Reached * piety under Uskayaw
   781 | D:2      | Found a shadowy altar of Dithmenos.
   799 | D:2      | Reached ** piety under Uskayaw
   954 | D:2      | Found a bloodstained altar of Trog.
  1192 | D:2      | Reached XP level 4. HP: 37/37 MP: 4/4
  1193 | D:2      | Found an ornate altar of the Wu Jian Council.
  1264 | D:2      | Found a blossoming altar of Fedhas.
  1278 | D:2      | Noticed an oklob plant
  1782 | D:3      | Reached skill level 5 in Armour
  1854 | D:3      | Reached XP level 5. HP: 24/42 MP: 5/5
  2098 | D:4      | Found an iron altar of Okawaru.
  2126 | D:4      | Slain by an orc

Vault maps used:
D:1:      dpeg_arrival_oval, minmay_misc_feat_rows
D:2:      dancing_weapons_uskayaw, overflow_temple_1_default,
          grunt_dithmenos_smoke_and_mirrors, tgw_fedhas,
          overflow_temple_1_default
D:4:      minmay_door_path, okawaru_gym_becter, first_ration, patterned_corridor

Skill      XL: |  1  2  3  4  5 |
---------------+----------------+-----
Armour         | 4 5 |  5.1
Fighting       | 4 |  4.1
Long Blades    | 3 4 |  4.1
Shields        | 4 |  4.2
Dodging        | |  0.3

Action                   |  1- 3 |  4- 6 || total
-------------------------+-------+-------++-------
Melee: Long sword        |    97 |   100 ||   197
Invok: Stomp             |       |     3 ||     3
  Use: Potion            |       |     3 ||     3
  Eat: Chunk             |     1 |     4 ||     5
Armor: Scale mail        |    41 |    16 ||    57
       Chain mail        |       |    46 ||    46
Dodge: Dodged            |    28 |    36 ||    64
Block: Shield            |    55 |    82 ||   137
       Rpst.: Long sword |     6 |    14 ||    20

Table legend:
 A = Spawn XP
 B = Non-spawn XP
 C = Spawn XP percentage of total XP
 D = Spawn monster count
 E = Non-spawn monster count
 F = Spawn count percentage of total count
 G = Total turns spent on level
                    A         B        C        D         E        F      G
               +---------+---------+-------+---------+---------+-------+---------
         Total |       0 |     221 |   0.0 |       0 |      61 |   0.0 |  2126
               +---------+---------+-------+---------+---------+-------+---------
           D:1 |       0 |      19 |   0.0 |       0 |      12 |   0.0 |   634
           D:2 |       0 |      66 |   0.0 |       0 |      23 |   0.0 |   777
           D:3 |       0 |      95 |   0.0 |       0 |      25 |   0.0 |   676
           D:4 |       0 |      41 |   0.0 |       0 |       1 |   0.0 |    39
               +---------+---------+-------+---------+---------+-------+---------
